 Dungeon Crawl Stone Soup version 0.24.0-2-g5b39cebb1c (webtiles) character file.

Game seed: 8126465471240524426, levelgen mode: deterministic

214 Esekla the Charmwright (level 5, 0/29 HPs)
             Began as a Deep Elf Skald on Oct 30, 2019.
             Slain by Crazy Yiuf
             ... wielding a +2 quarterstaff of chaos
              (4 damage)
             ... on level 3 of the Dungeon.
             The game lasted 00:19:57 (3040 turns).

Esekla the Charmwright (Deep Elf Skald)             Turns: 3040, Time: 00:19:58

Health: 0/29       AC:  3    Str:  8    XL:     5   Next: 59%
Magic:  12/12      EV: 18    Int: 18    God:
Gold:   162        SH:  0    Dex: 20    Spells: 0/11 levels left

rFire    . . .     SeeInvis .   a - +1 falchion
rCold    . . .     Gourm    .   (no shield)
rNeg     . . .     Faith    .   b - +0 leather armour
rPois    .         Spirit   .   (no helmet)
rElec    .         Reflect  .   (no cloak)
rCorr    .         Harm     .   (no gloves)
MR       .....                  (no boots)
Stlth    ++........             (no amulet)
HPRegen  0.09/turn              (no ring)
MPRegen  0.13/turn              (no ring)

@: confused, agile, infused
A: no striking features
a: no special abilities


You were on level 3 of the Dungeon.
You were not hungry.

You visited 1 branch of the dungeon, and saw 3 of its levels.

You collected 162 gold pieces.

Inventory:

Hand Weapons
 a - a +1 falchion (weapon)
Missiles
 j - 3 atropa-tipped darts (quivered)
Armour
 b - a +0 leather armour (worn)
Jewellery
 f - an uncursed ring of stealth
Wands
 p - a wand of polymorph (6)
Scrolls
 h - a scroll of fog {unknown}
 i - a scroll of remove curse {unknown}
 m - a scroll of identify {unknown}
 o - 2 scrolls of enchant weapon
 q - 2 scrolls of immolation {unknown}
 r - 2 scrolls of blinking
 u - a scroll of fear {unknown}
 v - a scroll of noise {unknown}
Potions
 c - 2 potions of might
 e - a potion of berserk rage {unknown}
 g - a potion of invisibility {unknown}
 k - a potion of curing {unknown}
 l - a potion of brilliance {unknown}
 n - a potion of heal wounds {unknown}
 s - a potion of agility
 t - a potion of ambrosia
Comestibles
 d - 7 rations


   Skills:
 - Level 1.5 Fighting
 + Level 3.5 Long Blades
 + Level 1.5 Armour
 + Level 3.3 Dodging
 + Level 1.0 Stealth
 + Level 3.7 Spellcasting
 - Level 4.4 Charms
 * Level 1.9 Necromancy
 * Level 1.9 Translocations


You couldn't memorise any spells.
You knew the following spells:

 Your Spells              Type           Power        Failure   Level  Hunger
a - Infusion              Chrm           ###.         3%          1    None
b - Shroud of Golubria    Chrm/Tloc      ##....       9%          2    ##.....
c - Song of Slaying       Chrm           ###.....     5%          2    ##.....
e - Spectral Weapon       Hex/Chrm       ##......     26%         3    ###....
g - Regeneration          Chrm/Necr      ##........   17%         3    ###....

Your spell library contained the following spells:

 Spells                   Type           Power        Failure   Level  Hunger


Dungeon Overview and Level Annotations

Branches:
Dungeon (3/15)

Altars:
Gozag
Yredelemnul

Annotations:
D:3 Crazy Yiuf


Message History

Crazy Yiuf hits you with a +2 quarterstaff of chaos.
Crazy Yiuf freezes you.
Crazy Yiuf says, "Trifle mumblescurry song!"
Crazy Yiuf cries, "Announcement!"
You hit Crazy Yiuf.
Crazy Yiuf is heavily wounded.
Crazy Yiuf hits you with a +2 quarterstaff of chaos!
* * * LOW HITPOINT WARNING * * *
It was a potion of agility.
You feel agile all of a sudden. Crazy Yiuf closely misses you.
It was a potion of ambrosia.
You are confused.
You feel invigorated.
You barely miss Crazy Yiuf.
Crazy Yiuf is heavily wounded.
Crazy Yiuf hits you with a +2 quarterstaff of chaos!
* * * LOW HITPOINT WARNING * * *
Crazy Yiuf freezes you.
You die...

#.# #.# ♣.♣♣ #.#
####.# ♣♣.♣ #.#
#....# ♣.♣♣ #.#
#[...# ♣♣.♣ #.#
#....# ♣♣.♣♣ #.#
##.#.# ♣♣...♣
..# #.#.# ♣....♣
### #.#.# #.g..#
#.### #.@..###
#.# #...##.#
#.######..###.#
#.#.†..(......#
##.#.#########.#
## ##..#.# #.#
[# ##.#.#.#
#.### .#
##.###..# #...#
.###.##
##.###### #.#.#


You could see Crazy Yiuf.

Vanquished Creatures
  A hound (D:3)
  Jessica (D:3)
  Natasha (twice) (D:3)
  2 adders
  An ooze (D:1)
  5 worms (D:3)
  2 leopard geckos (D:3)
  An orc (D:3)
  14 bats
  2 giant cockroaches (D:1)
  12 goblins
  6 hobgoblins
  4 kobolds
  2 quokkas (D:3)
  A ball python (D:1)
  3 frilled lizards
  8 rats
  A spectral orc (D:2)
68 creatures vanquished.

Notes
Turn   | Place    | Note
-------+----------+-------------------------------------------
     0 | D:1      | Esekla the Deep Elf Skald began the quest for the Orb.
     0 | D:1      | Reached XP level 1. HP: 12/12 MP: 6/6
   244 | D:1      | Reached skill level 1 in Armour
   244 | D:1      | Reached XP level 2. HP: 10/16 MP: 8/8
   844 | D:1      | Learned a level 2 spell: Shroud of Golubria
   847 | D:1      | Learned a level 2 spell: Song of Slaying
   859 | D:2      | Reached XP level 3. HP: 8/20 MP: 7/9
  1199 | D:1      | Learned a level 3 spell: Regeneration
  1803 | D:2      | Found a basalt altar of Yredelemnul.
  1935 | D:3      | Found an opulent altar of Gozag.
  2129 | D:3      | Reached XP level 4. HP: 25/25 MP: 6/11
  2216 | D:3      | Reached skill level 1 in Necromancy
  2216 | D:3      | Reached skill level 1 in Translocations
  2223 | D:3      | Noticed Natasha
  2531 | D:3      | Killed Natasha
  2531 | D:3      | Reached XP level 5. HP: 16/29 MP: 12/12
  2564 | D:3      | Learned a level 3 spell: Spectral Weapon
  2756 | D:3      | Noticed Jessica
  2774 | D:3      | Killed Jessica
  2944 | D:3      | Noticed Natasha
  2952 | D:3      | Killed Natasha
  2952 | D:3      | Reached skill level 1 in Stealth
  3020 | D:3      | Found a runed translucent door.
  3021 | D:3      | Noticed Crazy Yiuf
  3040 | D:3      | Slain by Crazy Yiuf

Levels and vault maps discovered:
D:1:      tarquinn_simple_flora_water_a, layout_loops_ring
D:2:      layout_rooms, yredelemnul_forgotten_temple_becter,
          grunt_decor_mini_mirrors
D:3:      layout_loops_ring, grunt_gozag_statues, kennysheep_generic_room_7,
          uniq_jessica, uniq_natasha, uniq_crazy_yiuf_cottage

Skill      XL: |  1  2  3  4  5 |
---------------+----------------+-----
Long Blades    | 2 3 |  3.5
Armour         | 1 |  1.5
Dodging        | 3 |  3.3
Necromancy     | 1 |  1.9
Translocations | 1 |  1.9
Stealth        | 1 |  1.0
Fighting       | |  1.5
Spellcasting   | |  3.7
Charms         | |  4.4

Action                   |  1- 3 |  4- 6 || total
-------------------------+-------+-------++-------
Melee: Falchion          |   143 |    97 ||   240
 Cast: Infusion          |     5 |     3 ||     8
       Shroud of Golubri |     4 |     5 ||     9
       Regeneration      |     2 |     4 ||     6
  Use: Scroll            |     2 |       ||     2
       Potion            |       |     2 ||     2
 Stab: Sleeping          |     1 |     3 ||     4
  Eat: Chunk             |     4 |     4 ||     8
Armor: Leather armour    |    51 |    13 ||    64
Dodge: Dodged            |    99 |    63 ||   162
       Rpst.: Falchion   |    31 |    16 ||    47
